 Dungeon Crawl Stone Soup version 0.30-a0-540-g0af01429fa (webtiles) character file.

Game seed: 14608937759416857348

878 Jase the Cleaver (level 8, -1/64 HPs)
             Began as a Hill Orc Fighter on Dec 26, 2022.
             Was an Elder of Uskayaw.
             Slain by a gnoll
             ... wielding a +0 halberd
              (10 damage)
             ... on level 6 of the Dungeon.
             The game lasted 00:08:42 (3540 turns).

Jase the Cleaver (Hill Orc Fighter)                 Turns: 3540, Time: 00:08:42

Health: -1/64      AC: 10    Str: 21    XL:     8   Next: 4%
Magic:  8/10       EV:  7    Int:  8    God:    Uskayaw [****..]
Gold:   401        SH:  0    Dex: 10    Spells: 7/7 levels left

rFire   . . .      SeeInvis .    a - +1 war axe
rCold   . . .      Faith    +    (no shield)
rNeg    . . .      Spirit   .    B - +0 chain mail
rPois   .          Reflect  .    x - +0 helmet
rElec   .          Harm     .    (no cloak)
rCorr   .          Rampage  .    (no gloves)
Will    .....                    (no boots) Stlth
                                 y - amulet of faith
HPRegen 0.30/turn                j - ring of flight
MPRegen 0.12/turn                (no ring)

@: flying
A: no striking features
a: Renounce Religion, Stomp, Line Pass


You were on level 6 of the Dungeon.
You worshipped Uskayaw.
Uskayaw was noncommittal.
You visited 2 branches of the dungeon, and saw 7 of its levels.

You collected 401 gold pieces.

Inventory:

Hand Weapons
 a - a +1 war axe (weapon)
 p - the +6 shillelagh "Devastator" {shatter}
   (You found it on level 3 of the Dungeon)

   It releases a powerful concussive burst when it strikes, dealing extra damage
   to the target and all other creatures adjacent to them.
Missiles
 f - 63 stones (quivered)
 h - 3 poisoned darts
 z - 2 silver boomerangs
Armour
 x - a +0 helmet (worn)
 B - a +0 chain mail (worn)
Jewellery
 j - a ring of flight (left hand)
 y - an amulet of faith (around neck)
Wands
 s - a wand of roots (13)
Scrolls
 c - 2 scrolls of immolation {unknown}
 e - a scroll of teleportation
 k - a scroll of butterflies {unknown}
 o - a scroll of silence
 t - a scroll of enchant weapon
 v - a scroll of fear
Potions
 b - 2 potions of resistance {unknown}
 d - a potion of might
 g - 3 potions of curing
 i - 2 potions of lignification {unknown}
 l - a potion of mutation {unknown}
 m - a potion of cancellation {unknown}
 n - a potion of heal wounds {unknown}
 q - 2 potions of attraction {unknown}
 r - a potion of flight {unknown}
 u - 3 potions of ambrosia {unknown}
 w - a potion of invisibility {unknown}
 C - 2 potions of brilliance


   Skills:
 - Level 3.6 Fighting
 + Level 11.3 Axes
 - Level 3.2 Armour
 - Level 3.2 Shields
 + Level 3.0 Invocations


You had 7 spell levels left.
You didn't know any spells.
Your spell library contained the following spells:

 Spells                   Type           Power      Damage    Failure   Level
 Cigotuvi's Dreadful Rot  Necr/Pois/Air  0%         N/A       99%         2
 Poisonous Vapours        Pois/Air       0%         N/A       99%         2
 Scorch                   Fire           0%         2d5       99%         2
 Sublimation of Blood     Necr           0%         N/A       99%         2
 Mephitic Cloud           Conj/Pois/Air  0%         N/A       100%        3
 Flame Wave               Conj/Fire      0%         2d4       100%        4
 Petrify                  Tmut/Erth      0%         N/A       100%        4
 Irradiate                Conj/Tmut      0%         3d11      100%        5
 Summon Cactus Giant      Summ           0%         N/A       100%        6


Dungeon Overview and Level Annotations

Branches:
Dungeon (6/15)             Temple (1/1) D:5

Altars:
Ashenzari
Hepliaklqana
Makhleb
Sif Muna
Uskayaw
Yredelemnul


Message History

The orc is no longer sharing its pain.
The gnoll is no longer sharing its pain.
The gnoll hits you but does no damage. The orc hits you but does no damage.
The gnoll attacks as you move away! The gnoll hits you with a +0 whip.
You feel less confused.
You slash the gnoll!
You kill the gnoll!
The orc hits you but does no damage. The orc wizard casts a spell at you.
The magic dart hits you.
You slash the orc!
You kill the orc!
The orc hits you from afar with a +0 trident.
* * * LOW HITPOINT WARNING * * *
The gnoll closely misses you.
You closely miss the orc wizard. You closely miss the orc.
The orc hits you from afar with a +0 trident.
* * * LOW HITPOINT WARNING * * *
The orc wizard hits you but does no damage.
The orc hits you with a +0 dagger.
* * * LOW HITPOINT WARNING * * *
The gnoll barely misses you.
Found 7 gold pieces.
The orc wizard gestures wildly while chanting.
The orc wizard flickers and vanishes!
Deactivating autopickup; reactivate with Ctrl-A.
You see here a bubbling purple potion.
You hit the orc.
The orc is lightly wounded.
You hit something but do no damage. You barely miss something.
Something hits you.
* * * LOW HITPOINT WARNING * * *
The gnoll barely misses you.
Okay, then.
Okay, then.
You slash something!
You hear some strange, mumbled words.
Something tries to affect you, but you resist.
The gnoll hits you from afar with a +0 halberd!
You die...

..### #..........
......#..........
......#..........
......#..).....
.......o)......
........##.#
...>..go)go#
........##!#
........##@#
........o..#
............
........#.##.
.......... #.
###.......# ..
... ..$ ..
....... ..


You could see a gnoll and 2 orcs.

Vanquished Creatures
  A black bear (D:6)
  An ogre (D:5)
  A phantom (D:4)
  A gnoll sergeant (D:6)
  A scorpion (D:5)
  4 jellies
  2 orc priests (D:4)
  3 hounds (D:4)
  Robin (D:4)
  5 adders
  7 gnolls
  A dart slug (D:2)
  12 orcs
  4 bats
  6 endoplasms
  2 giant cockroaches
  16 goblins
  5 hobgoblins
  6 jackals
  10 kobolds
  6 quokkas
  7 ball pythons
  2 frilled lizards
  11 rats
115 creatures vanquished.

Notes
Turn   | Place    | Note
-------+----------+-------------------------------------------
     0 | D:1      | Jase the Hill Orc Fighter began the quest for the Orb.
     0 | D:1      | Reached XP level 1. HP: 19/19 MP: 1/1
    53 | D:1      | Reached skill level 3 in Axes
   240 | D:1      | Reached XP level 2. HP: 26/26 MP: 2/2
   409 | D:1      | Reached skill level 4 in Axes
   722 | D:2      | Reached XP level 3. HP: 27/31 MP: 3/3
   730 | D:2      | Reached skill level 5 in Axes
  1233 | D:2      | Reached XP level 4. HP: 34/39 MP: 4/4
  1433 | D:2      | Found a faded altar of an unknown god.
  1596 | D:3      | Found the +6 shillelagh "Devastator" {shatter}
  1631 | D:3      | Reached skill level 6 in Axes
  2100 | D:4      | Reached XP level 5. HP: 40/45 MP: 5/5
  2143 | D:4      | Noticed Robin
  2159 | D:4      | Killed Robin
  2160 | D:4      | Reached skill level 7 in Axes
  2274 | D:4      | Reached skill level 8 in Axes
  2274 | D:4      | Reached XP level 6. HP: 51/51 MP: 6/6
  2401 | D:4      | Found a basalt altar of Yredelemnul.
  2687 | D:4      | Reached skill level 9 in Axes
  2745 | D:5      | Entered Level 5 of the Dungeon
  2804 | D:5      | Reached XP level 7. HP: 43/57 MP: 7/7
  2913 | D:5      | Reached skill level 10 in Axes
  2917 | D:5      | Found a staircase to the Ecumenical Temple.
  2926 | Temple   | Entered the Ecumenical Temple
  2940 | Temple   | Became a worshipper of Uskayaw the Reveller
  3037 | D:5      | Found a shimmering blue altar of Sif Muna.
  3105 | D:5      | Reached * piety under Uskayaw
  3110 | D:5      | Reached ** piety under Uskayaw
  3524 | D:6      | Reached *** piety under Uskayaw
  3526 | D:6      | Reached **** piety under Uskayaw
  3528 | D:6      | Reached skill level 11 in Axes
  3528 | D:6      | Reached XP level 8. HP: 26/64 MP: 7/10
  3540 | D:6      | Slain by a gnoll

Illustrated notes

Levels and vault maps discovered:
D:1:      giann_horns, layout_basic, feat_on_display
D:2:      minmay_door_path, layout_rooms, ebering_ecumenical_altar_sacrificial
D:3:      layout_rooms
D:4:      layout_rooms, amcnicky_altar_gilded, uniq_robin
D:5:      layout_rooms, nicolae_sif_muna_condensation,
          minmay_temple_entry_junction, minmay_holes
D:6:      minmay_flawed_box, layout_basic, chequers_serial_rivers_marsh
Temple:   nicolae_temple_hex_pool

Skill      XL: |  1  2  3  4  5  6  7  8 |
---------------+-------------------------+-----
Axes           | 3 4 5 6 8 9 11 | 11.3
Invocations    | 2 3 |  3.0
Fighting       | |  3.6
Armour         | |  3.2
Shields        | |  3.2

Action                   |  1- 3 |  4- 6 |  7- 9 || total
-------------------------+-------+-------+-------++-------
Melee: War axe           |   121 |   171 |    39 ||   331
       Punch             |       |     5 |       ||     5
  Use: Scroll            |       |     3 |     6 ||     9
Armor: Scale mail        |    69 |    56 |       ||   125
       Chain mail        |       |    18 |    25 ||    43
Dodge: Dodged            |    60 |    76 |    16 ||   152

Table legend: (Time is in decaauts)
 A = Elapsed time spent in this place.
 B = Non-inter-level travel time spent in this place.
 C = Inter-level travel time spent in this place.
 D = Time resting spent in this place.
 E = Time spent auto-exploring this place.
 F = Levels seen in this place.
 G = Mean time per level.
                   A        B        C        D        E       F      G
               +--------+--------+--------+--------+--------+-----+--------+
         Total |   3596 |   3466 |    130 |    394 |   2279 |   7 |  513.7 |
       Dungeon |   3564 |   3446 |    118 |    394 |   2277 |   6 |  594.0 |
        Temple |     31 |     19 |     12 |      0 |      2 |   1 |   31.0 |
               +--------+--------+--------+--------+--------+-----+--------+

Top non-repeatable levels by time:
     D:1: 824 daAuts
     D:2: 806 daAuts
     D:4: 741 daAuts
     D:5: 685 daAuts
     D:3: 486 daAuts
  Temple: 31 daAuts
     D:6: 20 daAuts
